 Dungeon Sprint DCSS version 0.31-a0-486-g8d68a81214 (webtiles) character file.

Game seed: 9768711029291235384

9 rocky1 the Sneak (level 2, -2/22 HPs)
             Began as a Demonspawn Brigand on Aug 8, 2023.
             Killed from afar by an oklob sapling (24 damage)
             ... with a splash of acid
             ... in the Dungeon (Sprint IV: "Fedhas' Mad Dash").
             The game lasted 00:00:20 (189 turns).

rocky1 the Sneak (Demonspawn Brigand)                Turns: 189, Time: 00:00:21

Health: -2/22      AC:  5    Str: 11    XL:     2   Next: 6%
Magic:  2/2        EV: 11    Int: 12    God:
Gold:   0          SH:  0    Dex: 14    Spells: 1/1 levels left

rFire   . . .        a - +2 dagger
rCold   . . .        (no shield)
rNeg    . . .        b - +0 robe
rPois   .            (no helmet)
rElec   .            c - +0 cloak
rCorr   .            (no gloves)
SInv    .            (no boots)
Will    .....        (no amulet)
Stlth   +++          (no ring)
HPRegen 0.23/turn    (no ring)
MPRegen 0.08/turn

%: no teleportation
@: no status effects
A: icy blue scales 1
a: no special abilities


You were in the Dungeon.
You visited 1 branch

Inventory:

Hand Weapons
 a - a +2 dagger (weapon)
Missiles
 d - 9 poisoned darts (quivered)
 e - 3 curare-tipped darts
Armour
 b - a +0 robe (worn)
 c - a +0 cloak (worn)
Scrolls
 k - a scroll of blinking
 l - a scroll of identify {unknown}
Potions
 f - a potion of curing
 g - a potion of heal wounds
 h - a potion of haste
 i - 2 potions of magic
 j - a potion of berserk rage


   Skills:
 + Level 2.2 Fighting
 + Level 2.0 Short Blades
 + Level 2.0 Throwing
 + Level 0.9 Dodging
 * Level 5.1 Stealth


You had one spell level left.
You didn't know any spells.
Your spell library was empty.

Dungeon Overview and Level Annotations

Branches:
Dungeon (1/1)

Altars:


Innate Abilities, Weirdness & Mutations

You are partially covered in icy blue scales. (AC +2)


Message History

The river rat is heavily wounded.
The river rat bites you.
You hit the river rat but do no damage.
The river rat is heavily wounded.
The river rat bites you.
You hit the river rat.
The river rat is almost dead.
The river rat bites you but does no damage.
Throw: 8 darts (poison)
Press: ? - help, Q - select action, (/) - cycle Shift-Dir - straight line, f/p - river rat
Aim: a river rat (almost dead, poisoned, 52% to hit)
You throw a poisoned dart. The poisoned dart hits the river rat.
The river rat looks even sicker.
The river rat is almost dead.
The river rat misses you.
You hit the river rat.
You kill the river rat!
Your Short Blades skill increases to level 2!
Your Throwing skill increases to level 2!
Your Stealth skill gained 2 levels and is now at level 5!
You have reached level 2!
Your demonic ancestry asserts itself...
Icy blue scales grow over part of your body.
d - 8 poisoned darts (gained 1)
You hit the fungus.
The fungus begins to die.
The fungus is lightly damaged.
d - 9 poisoned darts (gained 1)
A nearby fungus withers and dies.
There is an open door here.
You start resting.
HP restored.
You start waiting.
Done waiting.
l - a scroll labelled LIS KYQEVAGY You open the door.
An oklob sapling comes into view.
The oklob sapling spits acid at you. The splash of acid hits you!!
Ouch! That really hurt!
You die...

############ #####
#<...#.....#.$$$$#
#PP..'....@'.#
#PPPP#.....#P#
############ #


You could see an oklob sapling.

Vanquished Creatures
  A river rat (D)
  A rat (D)
2 creatures vanquished.

Notes
Turn   | Place    | Note
-------+----------+-------------------------------------------
     0 | D        | rocky1 the Demonspawn Brigand began the quest for the Orb.
     0 | D        | Reached XP level 1. HP: 16/16 MP: 1/1
    22 | D        | Reached skill level 5 in Stealth
    22 | D        | Gained mutation: You are partially covered in icy blue
                  | scales. (AC +2) [demonic ancestry]
    22 | D        | Reached XP level 2. HP: 7/22 MP: 2/2
   189 | D        | Noticed an oklob sapling
   189 | D        | Killed from afar by an oklob sapling

Illustrated notes

Levels and vault maps discovered:
D:        dungeon_sprint_fedhas [sprint_temple]

Skill      XL: |  1 |
---------------+----+-----
Short Blades   | 2 |  2.0
Throwing       | 2 |  2.0
Stealth        | 5 |  5.1
Fighting       | |  2.2
Dodging        | |  0.9

Action                     || total
---------------------------++-------
  Melee: Dagger            ||     8
  Throw: Dart              ||     2
 Armour: Robe              ||     1
  Dodge: Dodged            ||     2

Table legend: (Time is in decaauts)
 A = Elapsed time spent in this place.
 B = Non-inter-level travel time spent in this place.
 C = Inter-level travel time spent in this place.
 D = Time resting spent in this place.
 E = Time spent auto-exploring this place.
 F = Levels seen in this place.
 G = Mean time per level.
                   A        B        C        D        E       F      G
               +--------+--------+--------+--------+--------+-----+--------+
         Total |    188 |    188 |      0 |    154 |      0 |   1 |  188.0 |
       Dungeon |    188 |    188 |      0 |    154 |      0 |   1 |  188.0 |
               +--------+--------+--------+--------+--------+-----+--------+

Top non-repeatable levels by time:
       D: 188 daAuts
